 Dungeon Crawl Stone Soup version 0.21.0 (webtiles) character file.

547908 piemaster the Executioner (level 24, -1/207 HPs)
             Began as a Minotaur Berserker on Jan 7, 2018.
             Was a High Priest of Trog.
             Succumbed to an emperor scorpion's poison
             ... on level 2 of the Tomb of the Ancients.
             The game lasted 05:11:41 (55623 turns).

piemaster the Executioner (Minotaur Berserker)     Turns: 55623, Time: 05:11:42

Health: -1/207     AC: 41    Str: 27    XL:     24   Next: 35%
Magic:  19/19      EV: 27    Int:  8    God:    Trog [*****.]
Gold:   5288       SH:  0    Dex: 30    Spells: 23/23 levels left

rFire    + + .     SeeInvis +   a - +8 battleaxe (vamp)
rCold    + + +     Gourm    .   (shield currently unavailable)
rNeg     + + +     Faith    .   I - +12 plate armour of Infinity {*Drain rN+++}
rPois    +         Spirit   .   P - -2 hat of the Alchemist {rElec rPois rF+ rC+ rN+ MR+ rMut rCorr}
rElec    +         Reflect  .   X - scarf {rC+ rF+}
rCorr    +         Harm     .   S - +3 pair of gloves of Uloschuf {rPois Str+2 Int+4 Dex+4}
rMut     +         Rnd*Rage +   Q - +2 pair of boots
MR       +++++                  o - necklace of Bloodlust {*Rage +Rage MR++ Int-3 Slay+6 *Curse}
Stlth    ..........             w - ring "Courph" {*Slow rElec AC+1 Str+2 Dex+6}
HPRegen  0.44/turn              A - ring "Canoileu" {rC+ rN+ MR+ SInv Stlth+}
MPRegen  0.16/turn

@: lethally poisoned (-1 -> -19), silence (expiring), very slightly
contaminated, slowed, very slow
A: retaliatory headbutt, horns 2, slimy green scales 1, clever 1, frail 1, low
mp 1, magic resistance 1
}: 4/15 runes: serpentine, barnacled, slimy, silver
a: Renounce Religion, Evoke Berserk Rage


You were on level 2 of the Tomb of the Ancients.
You worshipped Trog.
Trog was extremely pleased with you.
You were not hungry.

You visited 9 branches of the dungeon, and saw 46 of its levels.
You visited the Abyss 2 times.
You also visited: Sewer, Ossuary and Volcano.

You collected 5694 gold pieces.
You spent 406 gold pieces at shops.

Inventory:

Hand Weapons
 a - a +8 vampiric battleaxe (weapon)
 b - the +6 executioner's axe of Pestilence {drain, rElec Int-2 SInv}
   (Trog gifted it to you on level 11 of the Dungeon)

   A truly terrible weapon, it drains the life of those it strikes.
   It affects your intelligence (-2).
   It insulates you from electricity.
   It lets you see invisible.
 c - the +5 hand axe "Sawot" {venom, rElec rF+++ Dex-3 SInv}
   (You found it on level 4 of the Dungeon)

   It poisons the flesh of those it strikes.
   It affects your dexterity (-3).
   It renders you almost immune to fire.
   It insulates you from electricity.
   It lets you see invisible.
 U - a +5 broad axe of draining
Armour
 I - the +12 plate armour of Infinity (worn) {*Drain rN+++}
   (You took it off a vault warden on level 5 of the Vaults)

   It renders you almost immune to negative energy.
   It causes draining when unequipped.
 P - the -2 hat of the Alchemist (worn) {rElec rPois rF+ rC+ rN+ MR+ rMut rCorr}
   (You acquired it on level 2 of the Vaults)

   It protects you from fire.
   It protects you from cold.
   It insulates you from electricity.
   It protects you from poison.
   It protects you from negative energy.
   It affects your resistance to hostile enchantments.
   It protects you from acid and corrosion.
   It protects you from mutation.
 Q - a +2 pair of boots (worn)
 S - the +3 pair of gloves of Uloschuf (worn) {rPois Str+2 Int+4 Dex+4}
   (You acquired it on level 4 of the Shoals)

   It affects your strength (+2).
   It affects your intelligence (+4).
   It affects your dexterity (+4).
   It protects you from poison.
 T - the -1 shield of Zadeku {+Fly rC+++ MR- Slay-3}
   (You acquired it on level 3 of the Shoals)

   It affects your accuracy and damage with ranged weapons and melee attacks
   (-3).
   It renders you almost immune to cold.
   It affects your resistance to hostile enchantments.
   It lets you fly.
 X - a scarf of resistance (worn)
Jewellery
 o - the necklace of Bloodlust (around neck) {*Rage +Rage MR++ Int-3 Slay+6 *Curse}
   (You found it on level 8 of the Dungeon)

   [amulet of rage]

   It affects your intelligence (-3).
   It affects your accuracy and damage with ranged weapons and melee attacks
   (+6).
   It affects your resistance to hostile enchantments.
   It lets you go berserk.
   It may make you go berserk in combat.
   It curses itself when equipped.
 w - the ring "Courph" (left hand) {*Slow rElec AC+1 Str+2 Dex+6}
   (You found it on level 3 of the Vaults)

   [ring of protection]

   It affects your AC (+1).
   It affects your strength (+2).
   It affects your dexterity (+6).
   It insulates you from electricity.
   It may slow you when you take damage.
 A - the ring "Canoileu" (right hand) {rC+ rN+ MR+ SInv Stlth+}
   (You took it off a tengu warrior on level 15 of the Dungeon)

   [ring of stealth]

   It protects you from cold.
   It protects you from negative energy.
   It affects your resistance to hostile enchantments.
   It lets you see invisible.
   It makes you more stealthy.
 D - the ring of Dithmenos's Anger {+Inv rElec EV+1 Str-5 Int+5}
   (You took it off a deep elf mage on level 5 of the Vaults)

   [ring of evasion]

   It affects your evasion (+1).
   It affects your strength (-5).
   It affects your intelligence (+5).
   It insulates you from electricity.
   It lets you turn invisible.
Wands
 e - a wand of paralysis (30)
 i - a wand of digging (14)
 y - a wand of iceblast (23)
 B - a wand of flame (18)
 F - a wand of clouds (7)
 G - a wand of polymorph (36)
 N - a wand of acid (10)
 V - a wand of scattershot (15)
 Y - a wand of disintegration (22)
Scrolls
 g - a scroll of enchant weapon
 k - 5 scrolls of brand weapon
 l - 25 scrolls of teleportation
 m - 10 scrolls of fear
 n - 11 scrolls of magic mapping
 p - 9 scrolls of enchant armour
 q - 17 scrolls of remove curse
 r - 4 scrolls of identify
 s - 3 scrolls of holy word
 u - 3 scrolls of blinking
 x - a scroll of silence
Potions
 f - 11 potions of curing
 j - 5 potions of ambrosia
 t - 9 potions of flight
 v - a potion of resistance
 K - 3 potions of cancellation
 Z - 4 potions of haste
Books
 E - a book of Unlife

   Spells                             Type                      Level
   a - Recall                         Summoning/Translocation      3
   b - Animate Dead                   Necromancy                   4
   c - Borgnjor's Vile Clutch         Necromancy/Earth             5
   d - Death Channel                  Necromancy                   6
   e - Simulacrum                     Ice/Necromancy               6
   Trog disapproves of the use of such an item.
 L - a book of Misfortune

   Spells                             Type                      Level
   a - Confusing Touch                Hexes                        1
   b - Confuse                        Hexes                        3
   c - Gell's Gravitas                Translocation                3
   d - Petrify                        Transmutation/Earth          4
   e - Metabolic Englaciation         Hexes/Ice                    5
   f - Yara's Violent Unravelling     Hexes/Transmutation          5
   Trog disapproves of the use of such an item.
Miscellaneous
 C - a lamp of fire
 H - 4 boxes of beasts
 J - a lightning rod (4/4)
 M - a phial of floods
 W - 2 phantom mirrors
Comestibles
 R - 36 rations


   Skills:
 + Level 21.8 Fighting
 - Level 26.0 Axes
 + Level 21.7 Armour
 + Level 20.3 Dodging
 + Level 20.2 Shields


You had 23 spell levels left.
You didn't know any spells.

Dungeon Overview and Level Annotations

Branches:
Dungeon (15/15)            Temple (0/1) D:5            Lair (6/6) D:9
 Shoals (4/4) Lair:2        Snake (4/4) Lair:3        Slime (5/5) Lair:5
    Orc (2/2) D:11            Elf (0/3) Orc:2        Vaults (5/5) D:14
  Crypt (3/3) Vaults:2       Tomb (2/3) Crypt:3      Depths (0/5) D:15

Altars:
Ashenzari
Cheibriados
Fedhas
Hepliaklqana
Kikubaaqudgha
Nemelex Xobeh
Okawaru
Ru
Uskayaw
Vehumet
Wu Jian
Yredelemnul
Zin
Beogh
Jiyva

Shops:
D:10 }   D:15 (*   Orc:2 ?[(:   Shoals:3 %   Snake:3 (?   Snake:4 =}=
Vaults:3 %


Innate Abilities, Weirdness & Mutations

You reflexively headbutt those who attack you in melee.
You have a pair of horns on your head.
You are partially covered in slimy green scales. (AC +2)
Your mind is acute. (Int +2)
You are frail. (-10% HP)
Your magical capacity is low. (-10% MP)
You are resistant to hostile enchantments. (MR+)


Message History

* * * LOW HITPOINT WARNING * * *
You are lethally poisoned!
The emperor scorpion poisons you!
The emperor scorpion completely misses you.
The emperor scorpion misses you.
You closely miss the emperor scorpion.
The emperor scorpion is severely wounded.
You recover from your berserk rage.
* * * LOW HITPOINT WARNING * * *
You feel very sick.
The mummy priest mumbles some strange prayers to its god.
The emperor scorpion barely misses you. You furiously retaliate!
You headbutt the emperor scorpion, but do no damage.
The emperor scorpion completely misses you.
The emperor scorpion claws you but does no damage.
You slice the emperor scorpion like a ripe choko!!!
You kill the emperor scorpion!
The emperor scorpion's corpse disappears in a puff of smoke!
You completely miss the phantasmal warrior.
You die...

......#........#
....M......n...######
..........M.Z3.#....#
§...M.....W...M#^...#
Z.....#.....M..s....#
zz...(...M...W.#^MWW#
..M3.......s...#4MM.#
....W.....###..##§###
.....M.... #..#@W..#
......... #..#^...#
...... #..#....#
...... ...######
......


You could see a mummy priest, 2 flayed ghosts, a phantasmal warrior, a guardian
mummy and a mummy.

Vanquished Creatures
  the Royal Jelly (Slime:5)
  Mennas (Vaults:5)
  Mara (Vaults:5)
  2 ancient liches (Crypt:3)
  4 greater mummies
  Jory (Vaults:3)
  A golden dragon (shapeshifter) (Vaults:5)
  Nikola (Vaults:1)
  A bone dragon (Abyss:4)
  Jorgrun (Vaults:1)
  2 tentacled monstrosities
  2 liches
  Asterion (Vaults:1)
  4 titans
  2 quicksilver dragons (Vaults:5)
  16 acid blobs
  3 tentacled starspawn
  An Executioner (Abyss:4)
  10 sphinxes
  7 tengu reavers
  5 krakens
  Kirke (Lair:5)
  Ilsuiw (Shoals:4)
  Roxanne (Snake:3)
  2 shadow dragons (Vaults:5)
  3 storm dragons
  16 azure jellies
  7 nagarajas (Snake:4)
  2 revenants
  5 fire giants (Vaults:5)
  2 iron dragons (Vaults:5)
  2 deep elf sorcerers (Vaults:5)
  12 vault wardens
  Louise (Shoals:1)
  Aizul (Snake:4)
  8 frost giants
  13 ironheart preservers
  3 ghouls (Crypt:1)
  3 deep elf elementalists (Vaults:5)
  4 very ugly things
  5 war gargoyles
  9 stone giants
  An ophan (Abyss:4)
  2 bennus (Tomb:1)
  2 vampire knights
  2 entropy weavers
  3 deep elf annihilators
  2 deep elf demonologists (Vaults:3)
  Azrael (D:15)
  2 eidola (Crypt:1)
  7 ettins
  9 merfolk javelineers
  8 death oozes (Slime:5)
  A blizzard demon (Abyss:4)
  3 mummy priests (Tomb:1)
  5 merfolk impalers
  2 deep elf death magi
  2 fire dragons (Vaults:3)
  15 yaktaur captains
  8 jiangshi
  9 great orbs of eyes
  2 deep elf high priests
  A quicksilver dragon skeleton (Tomb:1)
  A rakshasa (Vaults:2)
  30 vault guards
  3 hydras
  4 ice dragons
  4 death knights
  A catoblepas (shapeshifter) (Vaults:5)
  18 ogre magi
  A catoblepas (Lair:6)
  15 naga warriors
  9 centaur warriors
  3 anacondas
  9 merfolk aquamancers
  44 two-headed ogres
  3 satyrs
  14 death yaks
  A deep troll shaman (Vaults:5)
  3 tengu warriors (D:15)
  Urug (D:15)
  7 thrashing horrors
  18 naga sharpshooters
  5 vampire magi
  3 deep troll earth magi
  3 shock serpents
  6 hell knights (Crypt:3)
  Nergalle (Orc:2)
  2 sixfirhies
  A salamander mystic (Snake:4)
  A sun demon (Volcano)
  22 skeletal warriors
  A spatial maelstrom (Abyss:2)
  A shadow wraith (Vaults:4)
  9 sea snakes
  3 unseen horrors
  8 deep trolls
  2 swamp dragons (shapeshifter) (Vaults:5)
  A sea snake (shapeshifter) (Vaults:5)
  3 glowing orange brains
  7 phantasmal warriors
  2 shadow dragon zombies
  6 naga ritualists
  A lindwurm (Lair:6)
  5 deep elf archers
  A swamp dragon (Abyss:4)
  4 flayed ghosts
  An anaconda skeleton (Crypt:3)
  11 ironbrand convokers
  18 orc knights
  2 wizards
  17 harpies
  2 necromancers (Crypt:1)
  5 deep elf magi
  6 wolf spiders
  An iron dragon zombie (Tomb:1)
  An orb spider (shapeshifter) (D:15)
  8 mana vipers
  8 shining eyes
  12 cyclopes
  9 orc sorcerers
  A shining eye (shapeshifter) (Vaults:3)
  2 frost giant zombies
  11 manticores
  10 salamanders
  29 ugly things
  A wolf spider zombie (Crypt:1)
  2 worldbinders
  10 fauns
  9 elephants
  35 black mambas
  3 guardian serpents
  A dire elephant zombie (Crypt:1)
  12 vault sentinels
  8 merfolk sirens
  A centaur zombie (D:12)
  A molten gargoyle (Volcano)
  A water nymph (Shoals:4)
  28 naga magi
  A water nymph (shapeshifter) (Abyss:4)
  9 spiny frogs
  Psyche (D:9)
  A dire elephant skeleton (Crypt:3)
  2 eyes of devastation
  6 smoke demons (Crypt:3)
  A torpor snail (Lair:5)
  6 gargoyles
  A red draconian zombie (Crypt:1)
  A shock serpent skeleton (Crypt:1)
  A demonic crawler (Abyss:2)
  30 yaktaurs
  A swamp worm zombie (Crypt:1)
  2 kobold demonologists (D:12)
  A komodo dragon (shapeshifter) (D:15)
  6 komodo dragons
  5 starcursed masses (Abyss:4)
  7 freezing wraiths
  3 tengu conjurers
  An ancient zyme (Abyss:4)
  An efreet (D:15)
  A rime drake (Lair:6)
  11 guardian mummies
  4 red devils (Crypt:3)
  A harpy zombie (D:14)
  A jumping spider (shapeshifter) (Vaults:4)
  A meliai (D:15)
  A polar bear (Lair:4)
  9 trolls
  A minotaur zombie (Crypt:1)
  A jumping spider (Vaults:4)
  3 hornets
  A harpy skeleton (Crypt:3)
  25 merfolk
  A blink frog (shapeshifter) (Vaults:5)
  A shadow dragon simulacrum (Crypt:1)
  7 wind drakes
  A wind drake (shapeshifter) (Vaults:4)
  63 slime creatures
  A stone giant simulacrum (Crypt:1)
  A raiju (Abyss:4)
  A slime creature (shapeshifter) (Vaults:4)
  30 blink frogs
  7 hippogriffs
  4 dream sheep
  A meliai zombie (D:14)
  4 snapping turtles (Shoals:4)
  18 flying skulls
  A fire dragon zombie (Crypt:3)
  2 vampires (D:15)
  4 wraiths
  2 redbacks
  4 shadows
  10 ushabtiu (Tomb:1)
  2 tarantellas (Vaults:3)
  9 water elementals
  11 golden eyes
  6 hogs (Lair:5)
  51 yaks
  A golden eye (shapeshifter) (D:13)
  3 basilisks
  2 fire bats (Volcano)
  A human simulacrum (Vaults:2)
  3 fire elementals
  16 large abominations
  A redback simulacrum (D:15)
  A vampire mosquito (D:15)
  4 hungry ghosts
  38 nagas
  5 wargs
  9 hell hounds
  A monstrous demonspawn skeleton (Crypt:2)
  2 acid dragons
  4 floating eyes
  21 water moccasins
  12 porcupines
  A soldier ant (shapeshifter) (Vaults:2)
  A faun skeleton (Crypt:1)
  31 orc warriors
  A necrophage (Crypt:1)
  5 ice beasts
  3 black bears
  5 eyes of draining
  A hornet zombie (D:8)
  A spiny frog skeleton (Crypt:1)
  5 sky beasts
  A black bear (shapeshifter) (Vaults:2)
  44 ogres
  5 small abominations
  A phantom (D:11)
  18 centaurs
  8 boggarts
  6 wolves
  A swamp dragon skeleton (Crypt:1)
  14 crocodiles
  7 big kobolds
  20 bullfrogs
  5 water moccasin zombies (Ossuary)
  3 scorpions
  4 wyvern skeletons
  2 manticore simulacra
  A yak zombie (Crypt:1)
  A troll zombie (Crypt:3)
  14 killer bees
  2 electric eels
  8 wights
  8 crimson imps
  3 howler monkeys (D:7)
  5 lava snakes (Volcano)
  A quasit (D:11)
  36 orc wizards
  4 bullfrog zombies
  10 centaur skeletons
  21 orc priests
  3 hounds
  An iguana (D:7)
  2 jellies
  2 iron imps
  7 worker ants
  A sky beast zombie (Crypt:2)
  A hound zombie (D:7)
  A naga skeleton (Crypt:2)
  A hound skeleton (D:6)
  23 mummies
  2 howler monkey zombies
  3 gnolls (D:4)
  21 adders
  A steam dragon skeleton (Crypt:2)
  3 shadow imps
  3 ufetubi (Abyss:2)
  An ooze (Sewer)
  6 adder zombies
  An adder skeleton (D:8)
  A halfling skeleton (Crypt:2)
  A worm (D:3)
  2 dart slugs
  12 leopard geckos
  117 orcs
  3 ball pythons
  13 bats
  5 giant cockroaches
  4 goblins
  7 hobgoblins
  9 jackals
  2 quokkas
  6 frilled lizards
  3 gnoll zombies (Ossuary)
  11 hobgoblin zombies
  11 kobolds
  3 kobold zombies (Ossuary)
  2 leopard gecko skeletons
  7 orc zombies (Ossuary)
  2 quokka skeletons
  14 rats
  9 crawling corpses (Vaults:5)
  A fungus (Lair:2)
  9 plants
  2 starspawn tentacles (Abyss:3)
  14 tentacles
1981 creatures vanquished.

Vanquished Creatures (collateral kills)
  Dissolution (Slime:3)
  Vashnia (Snake:3)
  A bone dragon (Crypt:3)
  A lich (Vaults:5)
  5 acid blobs
  An ancient champion (Crypt:2)
  Polyphemus (Shoals:2)
  A tengu reaver (Vaults:5)
  2 frost giants
  A very ugly thing (Vaults:5)
  A stone giant (Vaults:5)
  An ettin (shapeshifter) (Vaults:5)
  An ettin (Vaults:5)
  2 death oozes (Slime:5)
  A hydra (Lair:5)
  A great orb of eyes (Slime:5)
  A merfolk avatar (Shoals:3)
  A catoblepas (Shoals:2)
  An ogre mage (Orc:2)
  An anaconda (Snake:3)
  A two-headed ogre (D:15)
  A death yak (Shoals:2)
  A naga sharpshooter (Snake:4)
  2 skeletal warriors (Crypt:3)
  A naga ritualist (Snake:4)
  The ghost of Ratty the Archer, a novice CeHu of Okawaru (D:6)
  A phantasmal warrior (Vaults:5)
  2 ironbrand convokers
  A mana viper (Snake:3)
  A manticore (D:12)
  An orc knight (Vaults:4)
  An oklob plant (Lair:3)
  2 orc sorcerers (Orc:2)
  3 ugly things (Abyss:2)
  Maurice (D:9)
  2 water nymphs
  An eye of devastation (Slime:3)
  2 naga magi (Snake:4)
  A hellion (Abyss:2)
  A green draconian zombie (Crypt:2)
  A rime drake (Lair:5)
  2 merfolk
  A slime creature (Slime:3)
  A large abomination (Abyss:2)
  3 flying skulls (Abyss:2)
  An ushabti (Tomb:1)
  A neqoxec (Abyss:2)
  3 nagas
  A hell hound (D:15)
  An orc warrior (D:9)
  5 starcursed masses (Abyss:2)
  An orc priest (D:9)
  4 orc wizards (Orc:2)
  4 orcs
  2 tentacles
84 creatures vanquished.

Vanquished Creatures (others)
  A tengu reaver (Vaults:5)
  A stone giant (Vaults:5)
  A naga sharpshooter (Snake:4)
  A naga (Snake:2)
  An ogre (Vaults:4)
  An orc wizard (D:14)
  An orc (Orc:2)
  5 fungi
  4 plants
  8 starspawn tentacles
  35 tentacles
59 creatures vanquished.

Grand Total: 2124 creatures vanquished

Notes
Turn   | Place    | Note
-------+----------+-------------------------------------------
     0 | D:1      | piemaster the Minotaur Berserker began the quest for the Orb.
     0 | D:1      | Reached XP level 1. HP: 19/19 MP: 0/0
    76 | D:1      | Reached XP level 2. HP: 25/27 MP: 1/1
   263 | D:1      | Reached skill level 4 in Axes
   264 | D:1      | Reached ** piety under Trog
   507 | D:1      | Reached XP level 3. HP: 33/33 MP: 2/2
  1213 | D:2      | Reached XP level 4. HP: 38/40 MP: 3/3
  2145 | D:3      | Reached XP level 5. HP: 43/47 MP: 4/4
  2174 | D:3      | Found an ancient bone altar of Kikubaaqudgha.
  2174 | D:3      | Found a sparkling altar of Nemelex Xobeh.
  2201 | D:3      | Found a faded altar of an unknown god.
  2210 | D:3      | Reached skill level 5 in Axes
  2426 | D:3      | Reached *** piety under Trog
  2455 | D:3      | Found a glowing drain.
  2459 | Sewer    | Entered a sewer
  2913 | D:3      | Found a shattered altar of Ashenzari.
  3192 | D:4      | Noticed an ogre
  3199 | D:4      | Killed an ogre
  3199 | D:4      | Reached skill level 5 in Fighting
  3199 | D:4      | Reached XP level 6. HP: 56/56 MP: 5/5
  3274 | D:4      | Found a sacrificial altar of Ru.
  3319 | D:4      | Reached skill level 6 in Axes
  3628 | D:4      | Reached XP level 7. HP: 54/61 MP: 6/6
  3756 | D:4      | Found an iron altar of Okawaru.
  3779 | D:4      | Got a fine hand axe
  3780 | D:4      | Identified the +5 hand axe "Sawot" {venom, rElec rF+++ Dex-3 SInv} (You found it on level 4 of the Dungeon)
  4071 | D:5      | Entered Level 5 of the Dungeon
  4084 | D:5      | Reached skill level 5 in Armour
  4113 | D:5      | Found a snail-covered altar of Cheibriados.
  4208 | D:5      | Noticed a troll
  4209 | D:5      | Found a transporter.
  4209 | D:5      | Found a hazy altar of Hepliaklqana.
  4210 | D:5      | Noticed a yak
  4230 | D:5      | Found a transporter.
  4251 | D:5      | Reached **** piety under Trog
  4251 | D:5      | Reached skill level 7 in Axes
  4254 | D:5      | Killed a yak
  4258 | D:5      | Killed a troll
  4258 | D:5      | Reached skill level 5 in Dodging
  4258 | D:5      | Reached XP level 8. HP: 64/70 MP: 7/7
  4535 | D:5      | Reached skill level 8 in Axes
  4663 | D:5      | Found a staircase to the Ecumenical Temple.
  4894 | D:5      | Found an ornate altar of the Wu Jian Council.
  5015 | D:6      | Noticed Ratty's ghost (novice CeHu)
  5024 | D:6      | Killed Ratty's ghost
  5024 | D:6      | Reached skill level 9 in Axes
  5375 | D:6      | Reached XP level 9. HP: 69/79 MP: 8/8
  5513 | D:6      | Found a hide-covered altar of Uskayaw.
  5849 | D:7      | Reached skill level 10 in Axes
  6176 | D:7      | Found a sand-covered staircase.
  6186 | Ossuary  | Entered an ossuary
  6215 | Ossuary  | Reached ***** piety under Trog
  6225 | Ossuary  | Received a gift from Trog
  6777 | D:8      | Noticed a two-headed ogre
  6785 | D:8      | Killed a two-headed ogre
  6785 | D:8      | Reached skill level 11 in Axes
  7022 | D:8      | Reached XP level 10. HP: 85/90 MP: 9/9
  7092 | D:8      | Found the cursed necklace of Bloodlust {*Rage +Rage MR++ Int-3 Slay+6 *Curse}
  7183 | D:8      | Noticed a two-headed ogre
  7191 | D:8      | Received a gift from Trog
  7202 | D:8      | Killed a two-headed ogre
  7273 | D:8      | Noticed a two-headed ogre
  7280 | D:8      | Killed a two-headed ogre
  7280 | D:8      | Reached skill level 12 in Axes
  7342 | D:8      | Found an iron altar of Okawaru.
  7415 | D:8      | Found a glowing silver altar of Zin.
  8112 | D:9      | Noticed Maurice
  8123 | D:9      | Killed Maurice
  8123 | D:9      | Reached skill level 1 in Shields
  8339 | D:9      | Noticed a death yak
  8350 | D:9      | Killed a death yak
  8526 | D:9      | Found a staircase to the Lair.
  8529 | D:9      | Noticed a death yak
  8531 | D:9      | Noticed Psyche
  8533 | D:9      | Noticed a death yak
  8854 | D:9      | Reached XP level 11. HP: 98/99 MP: 10/10
  9030 | D:9      | Killed Psyche
  9147 | D:9      | Killed a death yak
  9147 | D:9      | Reached skill level 10 in Fighting
  9147 | D:9      | Reached skill level 13 in Axes
  9154 | D:9      | Killed a death yak
  9274 | D:9      | Found a blossoming altar of Fedhas.
  9371 | D:10     | Entered Level 10 of the Dungeon
  9795 | D:10     | Received a gift from Trog
  9970 | D:10     | Found Rale's Gadget Emporium.
  9970 | D:10     | Noticed a two-headed ogre
  9976 | D:10     | Killed a two-headed ogre
  9976 | D:10     | Reached skill level 10 in Armour
 10325 | D:11     | Received a gift from Trog
 10328 | D:11     | Got a translucent executioner's axe {god gift}
 10544 | D:11     | Lost intelligence.
 10544 | D:11     | Identified the +6 executioner's axe of Pestilence {drain, rElec Int-2 SInv} (Trog gifted it to you on level 11 of the Dungeon)
 10687 | D:11     | Noticed a purple ugly thing
 10748 | D:11     | Killed a purple ugly thing
 11503 | D:11     | Found a staircase to the Orcish Mines.
 11517 | Orc:1    | Entered Level 1 of the Orcish Mines
 11723 | Orc:2    | Entered Level 2 of the Orcish Mines
 11829 | Orc:2    | Reached skill level 5 in Shields
 11891 | Orc:2    | Noticed an orc sorcerer
 11910 | Orc:1    | Reached skill level 14 in Axes
 12485 | Orc:2    | Killed an orc sorcerer
 12523 | Orc:2    | Noticed an orc knight
 12533 | Orc:2    | Killed an orc knight
 12732 | Orc:2    | Reached XP level 12. HP: 107/108 MP: 11/11
 12790 | Orc:2    | Found a roughly hewn altar of Beogh.
 12890 | Orc:2    | Found a staircase to the Elven Halls.
 13028 | Orc:2    | Noticed an ogre mage
 13033 | Orc:2    | Killed an ogre mage
 13045 | Orc:2    | Noticed an ogre mage
 13049 | Orc:2    | Killed an ogre mage
 13053 | Orc:2    | Found Liequ's Book Shoppe.
 13291 | Orc:2    | Found a radiant altar of Vehumet.
 13292 | Orc:2    | Noticed an ogre mage
 13302 | Orc:2    | Reached skill level 10 in Dodging
 13306 | Orc:2    | Killed an ogre mage
 13376 | Orc:2    | Found an ancient bone altar of Kikubaaqudgha.
 13377 | Orc:2    | Noticed Nergalle
 13391 | Orc:2    | Killed Nergalle
 13473 | Orc:2    | Found Meurusm's Antique Armour Shoppe.
 13474 | Orc:2    | Found a roughly hewn altar of Beogh.
 13488 | Orc:2    | Found Nanof's Antique Weapon Emporium.
 13496 | Orc:2    | Found Fydoen's Magic Scroll Shoppe.
 13530 | Orc:2    | Bought a scroll of enchant weapon for 105 gold pieces
 13530 | Orc:2    | Bought a scroll of enchant armour for 105 gold pieces
 13530 | Orc:2    | Bought a scroll of enchant weapon for 105 gold pieces
 13738 | D:12     | Reached skill level 15 in Axes
 14069 | D:12     | Got a brightly glowing war axe
 14070 | D:12     | Identified the +10 war axe of the Unstoppable Hells {protect, Int+4} (You found it on level 12 of the Dungeon)
 14071 | D:12     | Lost intelligence.
 14256 | D:12     | Received a gift from Trog
 14520 | D:13     | Noticed a two-headed ogre
 14526 | D:13     | Killed a two-headed ogre
 14528 | D:13     | Noticed a centaur warrior
 14536 | D:13     | Killed a centaur warrior
 14678 | D:13     | Reached XP level 13. HP: 116/117 MP: 12/12
 15520 | D:14     | Reached skill level 16 in Axes
 15779 | D:14     | Reached ****** piety under Trog
 16196 | D:14     | Found a gate to the Vaults.
 16419 | D:15     | Entered Level 15 of the Dungeon
 16612 | D:15     | Noticed Urug
 16619 | D:15     | Received a gift from Trog
 16623 | D:15     | Killed Urug
 16894 | D:15     | Got a glittering steel ring
 16992 | D:15     | Reached XP level 14. HP: 106/127 MP: 13/13
 16997 | D:15     | Reached skill level 17 in Axes
 17202 | D:15     | Identified the ring of Woof {MR+ Int+3 Stlth-} (You took it off an ogre mage on level 15 of the Dungeon)
 17210 | D:15     | Got a coiled gossamer ring
 17212 | D:15     | Identified the ring "Canoileu" {rC+ rN+ MR+ SInv Stlth+} (You took it off a tengu warrior on level 15 of the Dungeon)
 17235 | D:15     | Noticed a frost giant
 17237 | D:15     | Killed a frost giant
 17419 | D:15     | Paralysed by a floating eye for 2 turns
 17587 | D:15     | Found Amugumid's Weapon Shop.
 17731 | D:15     | Noticed Azrael
 17732 | D:15     | Noticed a green very ugly thing
 17741 | D:15     | Killed a green very ugly thing
 17741 | D:15     | Reached skill level 10 in Shields
 17748 | D:15     | Killed Azrael
 18051 | D:15     | Found Vimniann's Antique Armour Boutique.
 18095 | D:15     | Noticed a frost giant
 18105 | D:15     | Killed a frost giant
 18174 | D:15     | Found Geutosel's General Store.
 18181 | D:15     | Bought a potion of heal wounds for 55 gold pieces
 18238 | D:15     | Reached skill level 18 in Axes
 18276 | D:15     | Got a slimy ivory ring
 18296 | D:15     | Found a staircase to the Depths.
 18631 | Lair:1   | Entered Level 1 of the Lair of Beasts
 18995 | Lair:1   | Identified the ring "Weuhusi" {rC+ rN+ Int+3} (You found it on level 15 of the Dungeon)
 19219 | Lair:1   | Reached XP level 15. HP: 137/137 MP: 14/14
 19486 | Lair:2   | Found a staircase to the Shoals.
 19848 | Lair:2   | Received a gift from Trog
 19870 | Lair:2   | Gained mutation: Your magical capacity is low. (-10% MP) [potion of mutation]
 19870 | Lair:2   | Gained mutation: You are partially covered in slimy green scales. (AC +2) [potion of mutation]
 20709 | Lair:3   | Found a staircase to the Snake Pit.
 21694 | Lair:3   | Identified the Incunabulum of the Dusty Traveller
 21702 | Lair:3   | Got a shimmering golden ring
 21705 | Lair:3   | Lost intelligence.
 21705 | Lair:3   | Identified the cursed ring "Luleu" {+Blink rN+++ MP+9 AC-3 Int-3} (You found it on level 3 of the Lair of Beasts)
 22753 | Lair:4   | Received a gift from Trog
 23300 | Lair:5   | Noticed Kirke
 23318 | Lair:5   | Killed Kirke
 23435 | Lair:5   | Found a staircase to the Slime Pits.
 23592 | Lair:5   | Reached skill level 19 in Axes
 23816 | Lair:5   | Found a dark tunnel.
 23975 | Volcano  | Entered a volcano
 24333 | Volcano  | Found a bloodstained altar of Trog.
 24396 | Volcano  | Received a gift from Trog
 24881 | Lair:6   | Entered Level 6 of the Lair of Beasts
 25615 | Lair:6   | Reached XP level 16. HP: 122/147 MP: 13/13
 26290 | Lair:3   | You fall through a shaft for 3 floors!
 26337 | Slime:1  | Entered Level 1 of the Pits of Slime
 26765 | Shoals:1 | Entered Level 1 of the Shoals
 26934 | Shoals:1 | Noticed a kraken
 26976 | Shoals:1 | Killed a kraken
 27028 | Shoals:1 | You fall through a shaft!
 27055 | Shoals:2 | Noticed Polyphemus
 27064 | Shoals:2 | Killed Polyphemus
 27378 | Shoals:1 | Noticed Louise
 27387 | Shoals:1 | Killed Louise
 28249 | Shoals:2 | Cast into level 2 of the Abyss (merfolk impaler)
 28317 | Abyss:2  | Noticed a bone dragon
 28467 | Abyss:2  | Reached skill level 15 in Fighting
 28492 | Abyss:2  | Reached skill level 20 in Axes
 28500 | Abyss:2  | Found a corrupted altar of Lugonu.
 28867 | Abyss:3  | Noticed a tentacled starspawn
 28867 | Abyss:3  | Noticed a tentacled starspawn
 28879 | Abyss:3  | Killed a tentacled starspawn
 28879 | Abyss:3  | Reached skill level 15 in Armour
 28881 | Shoals:2 | Escaped the Abyss
 29178 | Shoals:2 | Received a gift from Trog
 29843 | Shoals:3 | Identified 5 scrolls of acquirement
 29846 | Shoals:3 | Got a fine shield
 29853 | Shoals:3 | Identified the -1 shield of Zadeku {+Fly rC+++ MR- Slay-3} (You acquired it on level 3 of the Shoals)
 30426 | Shoals:3 | Found Xies's Food Boutique.
 31007 | Shoals:3 | Reached XP level 17. HP: 156/156 MP: 14/14
 31011 | Shoals:3 | Noticed a titan
 31058 | Shoals:3 | Killed a titan
 31302 | Shoals:3 | Received a gift from Trog
 31346 | Shoals:3 | Got a blackened hand axe {god gift}
 31347 | Shoals:3 | Identified the +7 hand axe of the Middle {holy, rF+ Stlth+} (Trog gifted it to you on level 3 of the Shoals)
 31432 | Shoals:4 | Entered Level 4 of the Shoals
 31584 | Shoals:4 | Noticed a kraken
 31584 | Shoals:4 | Noticed a kraken
 31837 | Shoals:4 | Killed a kraken
 31862 | Shoals:4 | Killed a kraken
 31928 | Shoals:4 | Noticed a kraken
 31942 | Shoals:4 | Killed a kraken
 32187 | Shoals:4 | Reached skill level 21 in Axes
 32237 | Shoals:4 | Got a pair of faintly humming gloves
 32248 | Shoals:4 | Identified the +3 pair of gloves of Uloschuf {rPois Str+2 Int+4 Dex+4} (You acquired it on level 4 of the Shoals)
 32715 | Shoals:4 | Got a barnacled rune of Zot
 32841 | Shoals:4 | Received a gift from Trog
 32885 | Shoals:4 | Noticed a kraken
 32887 | Shoals:4 | Noticed Ilsuiw
 32903 | Shoals:4 | Killed Ilsuiw
 32976 | Shoals:4 | Killed a kraken
 33041 | Shoals:4 | Reached skill level 15 in Dodging
 33287 | Snake:1  | Entered Level 1 of the Snake Pit
 34791 | Snake:2  | Reached XP level 18. HP: 160/167 MP: 15/15
 35061 | Snake:2  | Received a gift from Trog
 35119 | Snake:2  | You fall through a shaft!
 35125 | Snake:3  | Noticed Vashnia
 35196 | Snake:4  | Entered Level 4 of the Snake Pit
 36175 | Snake:3  | Killed Vashnia
 36360 | Snake:3  | Reached skill level 22 in Axes
 36400 | Snake:3  | Noticed Roxanne
 36479 | Snake:3  | Killed Roxanne
 36629 | Snake:3  | Found Osaax's Magic Scroll Boutique.
 36629 | Snake:3  | Found Cayt's Weapon Shop.
 36666 | Snake:3  | Bought a scroll of identify for 36 gold pieces
 37145 | Snake:4  | Received a gift from Trog
 37792 | Snake:4  | Received a gift from Trog
 37991 | Snake:4  | Found Rabae's Gadget Shoppe.
 37992 | Snake:4  | Found Rem Juakh's Jewellery Shop.
 37992 | Snake:4  | Found Bihen's Jewellery Shop.
 38042 | Snake:4  | Noticed Aizul
 38050 | Snake:4  | Killed Aizul
 38310 | Snake:4  | Reached XP level 19. HP: 159/177 MP: 16/16
 38411 | Snake:4  | Got a serpentine rune of Zot
 38767 | Vaults:1 | Entered Level 1 of the Vaults
 39071 | Vaults:1 | Noticed Nikola
 39091 | Vaults:1 | Killed Nikola
 39102 | Vaults:1 | Noticed Jorgrun
 39108 | Vaults:1 | Killed Jorgrun
 39166 | Vaults:1 | Noticed Asterion
 39191 | Vaults:1 | Gained mutation: Your mind is acute. (Int +2) [a cacodemon]
 39194 | Vaults:1 | Killed Asterion
 39194 | Vaults:1 | Reached skill level 23 in Axes
 39282 | Vaults:1 | Reached skill level 15 in Shields
 40362 | Vaults:2 | Received a gift from Trog
 40611 | Vaults:2 | Got a pair of pitted gloves
 40622 | Vaults:2 | Identified the +0 pair of gloves of the Salamander {SInv} (You acquired it on level 2 of the Vaults)
 40624 | Vaults:2 | Found the -2 hat of the Alchemist {rElec rPois rF+ rC+ rN+ MR+ rMut rCorr}
 40672 | Vaults:2 | Found a staircase to the Crypt.
 40672 | Vaults:2 | Found an ancient bone altar of Kikubaaqudgha.
 40673 | Vaults:2 | Found a basalt altar of Yredelemnul.
 41633 | Vaults:3 | Received a gift from Trog
 41633 | Vaults:3 | Reached XP level 20. HP: 160/187 MP: 17/17
 42114 | Vaults:3 | Reached skill level 24 in Axes
 42398 | Vaults:3 | Found Vuriorr's Food Shoppe.
 42459 | Vaults:3 | Identified the ring "Courph" {*Slow rElec AC+1 Str+2 Dex+6} (You found it on level 3 of the Vaults)
 42695 | Vaults:3 | Noticed Jory
 42705 | Vaults:3 | Killed Jory
 43096 | Vaults:4 | Received a gift from Trog
 44120 | Vaults:5 | Entered Level 5 of the Vaults
 44142 | Vaults:5 | Received a gift from Trog
 44142 | Vaults:5 | Reached XP level 21. HP: 195/195 MP: 17/17
 44145 | Vaults:5 | Noticed Mara
 44178 | Vaults:5 | Noticed piemaster's illusion
 44180 | Vaults:5 | Reached skill level 25 in Axes
 44390 | Vaults:5 | Killed Mara
 44447 | Vaults:4 | Received a gift from Trog
 44545 | Vaults:5 | Noticed a golden dragon
 44545 | Vaults:5 | a shadow dragon changed into a golden dragon
 44551 | Vaults:5 | Killed a golden dragon
 45133 | Vaults:5 | Reached XP level 22. HP: 206/206 MP: 18/18
 45147 | Vaults:5 | Received a gift from Trog
 45552 | Vaults:5 | Got a wavering ivory ring
 45637 | Vaults:5 | Noticed Mennas
 45645 | Vaults:5 | Killed Mennas
 45645 | Vaults:5 | Reached skill level 26 in Axes
 45993 | Vaults:5 | Got a citrine-encrusted scale mail
 46007 | Vaults:5 | Identified the +2 scale mail "Xene" {Str+5} (You found it on level 5 of the Vaults)
 46037 | Vaults:5 | Got a warped marble ring
 46104 | Vaults:5 | Received a gift from Trog
 46144 | Vaults:5 | Identified the Reference Book on Curses
 46147 | Vaults:5 | Got a silver rune of Zot
 46148 | Vaults:5 | Identified the Volume of the Poisonous Mountains
 46216 | Vaults:5 | Got a coiled bone amulet
 46239 | Vaults:5 | Got a brightly glowing brass ring
 46246 | Vaults:5 | Got a brightly glowing plate armour
 46257 | Vaults:5 | Identified the +12 plate armour of Infinity {*Drain rN+++} (You took it off a vault warden on level 5 of the Vaults)
 46455 | Vaults:5 | Identified the Catalogue of Fiery Creation
 47701 | Slime:3  | Noticed Dissolution
 47710 | Slime:3  | Killed Dissolution
 47737 | Slime:3  | Gained mutation: You are resistant to hostile enchantments. (MR+) [a shining eye]
 47839 | Slime:5  | Entered Level 5 of the Pits of Slime
 47870 | Slime:5  | Received a gift from Trog
 48022 | Slime:5  | Found a viscous altar of Jiyva.
 48023 | Slime:5  | Noticed the Royal Jelly
 48097 | Slime:5  | Killed the Royal Jelly
 48097 | Slime:5  | Reached XP level 23. HP: 199/217 MP: 19/19
 48202 | Slime:5  | Identified the ring of Dithmenos's Anger {+Inv rElec EV+1 Str-5 Int+5} (You took it off a deep elf mage on level 5 of the Vaults)
 48251 | Slime:5  | Got a slimy rune of Zot
 49206 | Slime:4  | Paralysed by a floating eye for 3 turns
 49658 | Slime:3  | Gained mutation: You are frail. (-10% HP) [a shining eye]
 50768 | Crypt:1  | Entered Level 1 of the Crypt
 50816 | Crypt:1  | Received a gift from Trog
 51584 | Crypt:1  | Cast into level 4 of the Abyss (a Zot trap)
 51637 | Abyss:4  | Found a corrupted altar of Lugonu.
 51847 | Crypt:1  | Escaped the Abyss
 52568 | Crypt:2  | Received a gift from Trog
 53111 | Crypt:3  | Entered Level 3 of the Crypt
 53522 | Crypt:3  | Received a gift from Trog
 53741 | Crypt:3  | Found a staircase to the Tomb.
 53743 | Crypt:3  | Noticed an ancient lich
 53760 | Crypt:3  | Killed an ancient lich
 53780 | Crypt:3  | Found the +8 demon blade "Leech" {vamp, rN+ AC-3 EV-3}
 53789 | Crypt:3  | Received a gift from Trog
 53808 | Crypt:3  | Noticed an ancient lich
 53817 | Crypt:3  | Killed an ancient lich
 53817 | Crypt:3  | Reached XP level 24. HP: 205/205 MP: 19/19
 53994 | Tomb:1   | Entered Level 1 of the Tomb of the Ancients
 54149 | Tomb:1   | Noticed a greater mummy
 54162 | Tomb:1   | Noticed a greater mummy
 54248 | Crypt:3  | Killed a greater mummy
 54567 | Tomb:1   | Killed a greater mummy
 55254 | Tomb:1   | Received a gift from Trog
 55570 | Tomb:2   | Noticed a greater mummy
 55574 | Tomb:2   | Noticed a greater mummy
 55577 | Tomb:2   | Noticed a greater mummy
 55581 | Tomb:2   | Noticed a greater mummy
 55611 | Tomb:2   | Killed a greater mummy
 55611 | Tomb:2   | HP: 5/207 [greater mummy's death curse (15)]
 55617 | Tomb:2   | HP: 4/207 [greater mummy (10)]
 55620 | Tomb:2   | Killed a greater mummy
 55622 | Tomb:2   | HP: 1/207 [poisoned by an emperor scorpion]
 55623 | Tomb:2   | Succumbed to an emperor scorpion's poison

Skill      XL: |  1  2  3  4  5  6  7  8  9 10 11 12 13 14 15 16 17 18 19 20 21 22 23 24 |
---------------+-------------------------------------------------------------------------+-----
Axes           | 4 5 6 7 9 11 12 14 15 16 18 19 20 21 22 23 24 25 26 | 26.0
Fighting       | 4 5 6 7 8 9 10 11 12 13 14 15 16 17 18 19 20 21 | 21.8
Armour         | 3 4 5 6 8 9 10 11 12 13 14 15 16 17 18 19 20 21 | 21.7
Dodging        | 3 4 5 6 7 8 9 10 11 12 13 14 15 16 17 18 19 20 | 20.3
Shields        | 2 5 7 9 10 11 12 13 14 15 16 17 18 19 20 | 20.2

Action                   |  1- 3 |  4- 6 |  7- 9 | 10-12 | 13-15 | 16-18 | 19-21 | 22-24 || total
-------------------------+-------+-------+-------+-------+-------+-------+-------+-------++-------
Melee: Hand axe          |    81 |   148 |   261 |   442 |       |    15 |       |       ||   947
       Headbutt          |    10 |    24 |    41 |    91 |   177 |   277 |   290 |   379 ||  1289
       Broad axe         |       |       |       |    26 |   293 |   185 |       |       ||   504
       War axe           |       |       |       |    20 |     1 |       |       |       ||    21
       Executioner's axe |       |       |       |       |   442 |   213 |       |       ||   655
       Scimitar          |       |       |       |       |     7 |       |       |       ||     7
       Battleaxe         |       |       |       |       |       |   642 |   896 |   889 ||  2427
Throw: Tomahawk          |       |       |       |     3 |       |       |       |       ||     3
Invok: Berserk           |       |     2 |     3 |    12 |     6 |    12 |     9 |     5 ||    49
       Brothers in Arms  |       |       |     1 |     5 |     4 |    19 |     6 |    14 ||    49
       Trog's Hand       |       |       |       |       |       |     1 |       |       ||     1
       Burn Spellbooks   |       |       |       |       |       |     1 |       |       ||     1
 Abil: Evoke Flight      |       |       |       |       |       |     4 |       |       ||     4
Evoke: Wand              |       |       |       |     5 |     4 |     8 |       |     1 ||    18
  Use: Scroll            |       |     2 |    19 |     5 |    11 |    21 |    11 |    11 ||    80
       Potion            |       |       |       |     1 |     3 |     7 |     2 |     7 ||    20
 Stab: Distracted        |       |       |       |       |       |     4 |     5 |     1 ||    10
  Eat: Chunk             |     1 |     7 |    10 |    19 |    22 |    31 |    24 |     1 ||   115
       Ration            |       |     1 |     1 |     6 |     6 |    10 |     3 |    13 ||    40
Armor: Animal skin       |    23 |       |       |       |       |       |       |       ||    23
       Ring mail         |       |    53 |       |       |       |       |       |       ||    53
       Plate armour      |       |       |   123 |   183 |   430 |   693 |   331 |   485 ||  2245
       Scale mail        |       |       |     2 |       |       |       |       |       ||     2
       Skin              |       |       |       |    24 |       |       |       |       ||    24
Dodge: Dodged            |    58 |   101 |    91 |   134 |   427 |   833 |   704 |   910 ||  3258
Block: Shield            |       |       |       |    67 |   156 |   149 |       |       ||   372
       Rpst.: Scimitar   |       |       |       |       |     1 |       |       |       ||     1
